 Dungeon Crawl Stone Soup version 0.24.0 (webtiles) character file.

Game seed: 4380894212701992670, levelgen mode: deterministic

69 Ayyar the Grasshopper (level 4, 0/38 HPs)
             Began as a Gnoll Warper on Feb 2, 2020.
             Slain by Purgy (1 damage)
             ... on level 3 of the Dungeon.
             The game lasted 00:07:36 (1880 turns).

Ayyar the Grasshopper (Gnoll Warper)                Turns: 1880, Time: 00:07:36

Health: 0/38       AC:  3    Str: 20    XL:     4   Next: 20%
Magic:  11/11      EV: 14    Int: 15    God:
Gold:   57         SH:  0    Dex: 14    Spells: 6/13 levels left

rFire    . . .     SeeInvis .   a - +0 spear
rCold    . . .     Gourm    .   (no shield)
rNeg     . . .     Faith    .   b - +0 leather armour
rPois    .         Spirit   .   (no helmet)
rElec    .         Reflect  .   (no cloak)
rCorr    .         Harm     .   (no gloves)
MR       .....                  (no boots)
Stlth    +.........             (no amulet)
HPRegen  0.12/turn              (no ring)
MPRegen  0.12/turn              (no ring)

@: mighty, flying
A: distributed training, fangs 1, strong nose
a: no special abilities


You were on level 3 of the Dungeon.
You were very hungry.

You visited 1 branch of the dungeon, and saw 3 of its levels.

You collected 57 gold pieces.

Inventory:

Hand Weapons
 a - a +0 spear (weapon)
Missiles
 e - 4 boomerangs of dispersal (quivered)
Armour
 b - a +0 leather armour (worn)
Scrolls
 d - 2 scrolls of blinking
 i - a scroll of remove curse {unknown}
 j - 2 scrolls of teleportation {unknown}
 k - a scroll of fear {unknown}
 l - 2 scrolls of identify {unknown}
 o - a scroll of amnesia {unknown}
 q - a scroll of magic mapping {unknown}
 r - a scroll of enchant armour {unknown}
Potions
 c - 3 potions of curing
 h - a potion of berserk rage {unknown}
 m - 3 potions of lignification
 n - a potion of flight
 p - a potion of resistance {unknown}
Comestibles
 f - 3 rations


   Skills:
 + Level 4.6 Fighting
 + Level 1.0 Short Blades
 + Level 1.0 Long Blades
 + Level 1.0 Axes
 + Level 1.0 Maces & Flails
 + Level 4.6 Polearms
 + Level 1.0 Staves
 + Level 1.0 Slings
 + Level 1.0 Bows
 + Level 1.0 Crossbows
 + Level 2.7 Throwing
 + Level 2.7 Armour
 + Level 4.6 Dodging
 + Level 1.0 Stealth
 + Level 1.0 Shields
 + Level 1.0 Unarmed Combat
 + Level 5.0 Spellcasting
 + Level 0.8 Conjurations
 + Level 0.8 Hexes
 + Level 0.8 Charms
 + Level 0.8 Summonings
 + Level 0.8 Necromancy
 + Level 5.4 Translocations
 + Level 0.8 Transmutations
 + Level 0.8 Fire Magic
 + Level 0.8 Ice Magic
 + Level 0.8 Air Magic
 + Level 0.8 Earth Magic
 + Level 0.8 Poison Magic
 + Level 1.1 Invocations
 + Level 1.0 Evocations


You had 6 spell levels left.
You knew the following spells:

 Your Spells              Type           Power        Failure   Level  Hunger
a - Blink                 Tloc           N/A          3%          2    ##.....
b - Teleport Other        Tloc           ###.....     6%          3    ###....
c - Shroud of Golubria    Chrm/Tloc      ##....       8%          2    ##.....

Your spell library contained the following spells:

 Spells                   Type           Power        Failure   Level  Hunger
 Gell's Gravitas          Tloc           ###.......   6%          3    ###....
 Lesser Beckoning         Tloc           ###.......   6%          3    ###....
 Passage of Golubria      Tloc           N/A          21%         4    ####...


Dungeon Overview and Level Annotations

Branches:
Dungeon (3/15)

Altars:
Ru
The Shining One

Annotations:
D:3 Purgy


Innate Abilities, Weirdness & Mutations

Your experience applies equally to all skills.
You have very sharp teeth.
Your uncanny sense of smell can sniff out nearby items.


Message History

Purgy is moderately wounded.
Purgy misses you. Purgy barely misses you. Purgy completely misses you.
You hit Purgy.
Purgy is heavily wounded.
Purgy bites you.
* * * LOW HITPOINT WARNING * * *
Purgy barely misses you. x2
You closely miss Purgy. Your bite misses Purgy.
Purgy is moderately wounded.
You puncture Purgy!
Purgy is severely wounded.
Purgy bites you.
* * * LOW HITPOINT WARNING * * *
Purgy claws you.
* * * LOW HITPOINT WARNING * * *
Purgy claws you but does no damage.
You barely miss Purgy.
Purgy is severely wounded.
Purgy closely misses you. Purgy claws you.
You die...

#.## #..##
##...####
##.......+
#..)..####
#.##<##
#.#### #.#
#@# #T#
#.....T..
####.###.
∆ #


You could see Purgy.

Vanquished Creatures
  Terence (D:3)
  An adder (D:2)
  An ooze (D:2)
  A worm (D:2)
  8 bats
  2 giant cockroaches (D:1)
  3 goblins
  A hobgoblin (D:1)
  A quokka (D:2)
  2 frilled lizards (D:2)
  3 kobolds
  5 rats
29 creatures vanquished.

Notes
Turn   | Place    | Note
-------+----------+-------------------------------------------
     0 | D:1      | Ayyar the Gnoll Warper began the quest for the Orb.
     0 | D:1      | Reached XP level 1. HP: 20/20 MP: 6/6
   221 | D:1      | Reached XP level 2. HP: 26/26 MP: 7/7
   840 | D:2      | Reached XP level 3. HP: 17/31 MP: 9/9
  1091 | D:2      | Reached skill level 5 in Spellcasting
  1195 | D:2      | Found a glowing golden altar of the Shining One.
  1200 | D:2      | Reached skill level 1 in Invocations
  1282 | D:2      | Found a faded altar of an unknown god.
  1368 | D:2      | Found a sacrificial altar of Ru.
  1660 | D:3      | Noticed Purgy
  1661 | D:3      | Noticed Terence
  1707 | D:2      | Learned a level 2 spell: Blink
  1711 | D:2      | Learned a level 3 spell: Teleport Other
  1714 | D:2      | Learned a level 2 spell: Shroud of Golubria
  1745 | D:3      | Killed Terence
  1745 | D:3      | Reached skill level 1 in Short Blades
  1745 | D:3      | Reached skill level 1 in Long Blades
  1745 | D:3      | Reached skill level 1 in Axes
  1745 | D:3      | Reached skill level 1 in Maces & Flails
  1745 | D:3      | Reached skill level 1 in Staves
  1745 | D:3      | Reached skill level 1 in Slings
  1745 | D:3      | Reached skill level 1 in Bows
  1745 | D:3      | Reached skill level 1 in Crossbows
  1745 | D:3      | Reached skill level 1 in Stealth
  1745 | D:3      | Reached skill level 1 in Shields
  1745 | D:3      | Reached skill level 1 in Unarmed Combat
  1745 | D:3      | Reached skill level 1 in Evocations
  1745 | D:3      | Reached XP level 4. HP: 29/38 MP: 11/11
  1879 | D:3      | HP: 1/38 [Purgy (1)]
  1880 | D:3      | Slain by Purgy

Levels and vault maps discovered:
D:1:      minmay_arrival_stone_box, layout_basic
D:2:      minmay_skewed_foursquare, layout_basic, old_standard_altar,
          hangedman_ru_absence, chequers_ecumenical_altar_simple,
          minmay_misc_feat_columns
D:3:      layout_loops_corners, okawaru_ov_weapons_minmay,
          nicolae_overflow_crystal_walls, gammafunk_temple_overflow_pools,
          first_ration, uniq_ijyb, uniq_terence, uniq_purgy
